 Dungeon Crawl Stone Soup version 0.31-a0-174-g85c54bcb58 (webtiles) character file.

Game seed: 16447223228113840943

2338 qw the Skirmisher (level 9, -2/56 HPs)
             Began as a Gargoyle Hunter on June 15, 2023.
             Was a Believer of Okawaru.
             Slain by an unseen horror (4 damage)
             ... on level 7 of the Dungeon.
             The game lasted 00:02:14 (5555 turns).

qw the Skirmisher (Gargoyle Hunter)                 Turns: 5555, Time: 00:02:14

Health: -2/56      AC: 15    Str: 15    XL:     9   Next: 43%
Magic:  12/12      EV: 11    Int: 10    God:    Okawaru [**....]
Gold:   135        SH:  0    Dex: 17    Spells: 8/8 levels left

rFire   . . .        Y - +1 shortbow (freeze)
rCold   . . .        (shield currently unavailable)
rNeg    + + +        j - +0 ring mail
rPois   inf          d - +0 helmet
rElec   +            (no cloak)
rCorr   .            a - +0 pair of gloves
SInv    .            c - +0 pair of boots
Will    .....        (no amulet)
Stlth   +            k - ring of positive energy
HPRegen 0.29/turn    p - ring of positive energy
MPRegen 0.13/turn

%: no passive effects
@: no status effects
A: sickness immunity, AC +6, negative energy resistance 1, electricity
resistance, torment resistance 1, petrification resistance
a: Renounce Religion, Heroism


You were on level 7 of the Dungeon.
You worshipped Okawaru.
Okawaru was pleased with you.
You visited 1 branch of the dungeon, and saw 7 of its levels.
You also visited: Sewer.

You collected 363 gold pieces.
You spent 228 gold pieces at shops.


Innate Abilities, Weirdness & Mutations

You are immune to sickness and miasma.
Your stone body is resilient. (AC +6)
You are immune to poison.
You resist negative energy. (rN+)
You are resistant to electric shocks. (rElec)
You are resistant to unholy torment.
You are immune to petrification.


   Skills:
 + Level 6.3 Fighting
 - Level 10.3 Ranged Weapons
 - Level 3.1 Armour
 - Level 2.4 Dodging
 - Level 1.1 Stealth
 - Level 4.2 Invocations


You had 8 spell levels left.
You didn't know any spells.
Your spell library was empty.

Inventory:

Hand Weapons
 Y - a +1 shortbow of freezing (weapon)
Armour
 a - a +0 pair of gloves (worn)
 c - a +0 pair of boots (worn)
 d - a +0 helmet (worn)
 j - a +0 ring mail (worn)
Jewellery
 k - a ring of positive energy (left hand)
 p - a ring of positive energy (right hand)
Scrolls
 h - a scroll of identify
Potions
 b - a potion of might {unknown}
 e - 3 potions of mutation
 f - 2 potions of curing
 g - a potion of lignification
 i - a potion of brilliance {unknown}
 l - a potion of heal wounds
 m - a potion of resistance {unknown}
 n - 3 potions of haste {unknown}
 o - a potion of magic {unknown}
 q - a potion of attraction {unknown}

Dungeon Overview and Level Annotations

Branches:
Dungeon (7/15)             Temple (0/1) D:4           Sewer (visited)

Altars:
Cheibriados
Elyvilon
Fedhas
Gozag
Hepliaklqana
Makhleb
Okawaru
Vehumet
Wu Jian
The Shining One

Shops:
D:4 ?


Message History

Something hits you but does no damage.
You shoot an arrow. Something hits you!
You shoot an arrow. Something hits you but does no damage.
You shoot an arrow. Something hits you!
You shoot an arrow. Something hits you but does no damage.
You shoot an arrow. Something hits you.
You shoot an arrow. Something hits you but does no damage.
You shoot an arrow. Something hits you but does no damage.
You shoot an arrow. Something completely misses you.
You shoot an arrow. Something hits you but does no damage. Something hits you.
You shoot an arrow. Something hits you.
You shoot an arrow. Something hits you but does no damage.
You shoot an arrow. Something hits you but does no damage.
You shoot an arrow. Something hits you but does no damage.
You shoot an arrow. Something hits you but does no damage.
You shoot an arrow. Something hits you but does no damage.
You shoot an arrow. Something hits you! Something hits you but does no damage.
You shoot an arrow. Something hits you.
You shoot an arrow. Something hits you!
You shoot an arrow. Something hits you.
You die...

.. ... .....
.....#####
.........#
...).....#
........####
.........@.#
#####...##.##
#...##..####
#...###....##
#...#
####..######
#...#
####.##...#
$.....[.###
#.....#...#
$.$.#C#!#
#...(.#...# $$
#/#..
#.....#...#####


There were no monsters in sight!

Vanquished Creatures
  A cyclops (D:7)
  A vampire mosquito (D:7)
  Menkaure (D:6)
  An acid dragon (D:7)
  Edmund (D:5)
  A water moccasin (D:6)
  Pargi (Sewer)
  2 black bears
  A sky beast (D:7)
  An ogre (D:7)
  A phantom (D:6)
  2 bullfrogs
  4 scorpions
  4 hounds
  2 jellies
  A sleepcap (D:6)
  4 iguanas
  2 orc wizards
  7 adders
  3 shadow imps (D:6)
  An ufetubus (D:6)
  3 worms
  A dart slug (D:4)
  17 orcs
  11 ball pythons
  9 endoplasms
  3 giant cockroaches
  6 goblins
  4 hobgoblins
  3 quokkas (D:4)
  5 bats
  5 frilled lizards
  3 kobolds
  5 rats
117 creatures vanquished.

Notes
Turn   | Place    | Note
-------+----------+-------------------------------------------
     0 | D:1      | qw the Gargoyle Hunter began the quest for the Orb.
     0 | D:1      | Reached XP level 1. HP: 12/12 MP: 1/1
     0 | D:1      | 0 ||| qw: Version: 0.2-a-29-g511e9b1
     0 | D:1      | 0 ||| qw: Game counter: 5244
     0 | D:1      | 0 ||| qw: Always use a shield: true
     0 | D:1      | 0 ||| qw: God list: Okawaru
     0 | D:1      | 0 ||| qw: Allow faded altars: false
     0 | D:1      | 0 ||| qw: Do Orc after D:15 true
     0 | D:1      | 0 ||| qw: Do second Lair branch before Depths: true
     0 | D:1      | 0 ||| qw: Lair rune preference: random
     0 | D:1      | 0 ||| qw: Plans: Normal, Zot:1-4, Slime:5, God:TSO, Crypt,
                  | Tomb, Abyss, Pan, Hells, Win
     0 | D:1      | 0 ||| PLANNING D:1-11
   184 | D:1      | Reached XP level 2. HP: 10/17 MP: 2/2
   590 | D:1      | 590 ||| READING scroll labelled TIMACI PAMERU.
   591 | D:1      | 591 ||| READING 3 scrolls labelled NEETET ZEUMY.
   592 | D:1      | 592 ||| READING 2 scrolls of identify.
   592 | D:1      | 592 ||| IDENTIFYING glowing cyan potion
   593 | D:1      | 593 ||| DROPPING scroll of butterflies.
   710 | D:2      | Reached XP level 3. HP: 21/21 MP: 3/3
   782 | D:2      | Reached skill level 5 in Ranged Weapons
  1006 | D:2      | 1006 ||| UPGRADING to +0 pair of gloves.
  1013 | D:2      | 1013 ||| UPGRADING to +0 helmet.
  1018 | D:2      | 1018 ||| UPGRADING to +0 ring mail.
  1028 | D:2      | 1028 ||| DROPPING +0 leather armour.
  1036 | D:2      | 1036 ||| UPGRADING to ring of positive energy.
  1037 | D:2      | 1037 ||| READING scroll labelled RUHUOKHLAIVOS.
  1118 | D:3      | Found a burning altar of Makhleb.
  1265 | D:3      | Reached skill level 1 in Armour
  1340 | D:3      | Found a white marble altar of Elyvilon.
  1355 | D:3      | Reached XP level 4. HP: 27/27 MP: 4/4
  1358 | D:3      | Found an iron altar of Okawaru.
  1359 | D:3      | 1359 ||| PLANNING OKAWARU WORSHIP
  1359 | D:3      | 1359 ||| READING scroll labelled GIUQOTZOSUE.
  1360 | D:3      | 1360 ||| READING scroll labelled CAEMUW YREUD.
  1367 | D:3      | Became a worshipper of Warmaster Okawaru
  1368 | D:3      | 1368 ||| PLANNING D:1-11
  1488 | D:3      | Reached skill level 3 in Fighting
  1871 | D:3      | 1871 ||| READING scroll labelled JAOLYT GEISHAM.
  1872 | D:3      | 1872 ||| READING scroll labelled OMUB SOREBALEW.
  1949 | D:4      | Found a staircase to the Ecumenical Temple.
  2006 | D:4      | Found a blossoming altar of Fedhas.
  2006 | D:4      | Found an ornate altar of the Wu Jian Council.
  2007 | D:4      | Found an opulent altar of Gozag.
  2025 | D:4      | 2025 ||| Stepping ~*~*~tactically~*~*~ (outnumbered).
  2027 | D:4      | 2027 ||| Stepping ~*~*~tactically~*~*~ (outnumbered).
  2048 | D:4      | HP: 6/28 [something (3)]
  2050 | D:4      | HP: 2/28 [something (4)]
  2058 | D:4      | HP: 2/28 [something (1)]
  2063 | D:4      | Reached XP level 5. HP: 3/32 MP: 5/5
  2320 | D:4      | Reached skill level 6 in Ranged Weapons
  2379 | D:4      | Found Hioth's Magic Scroll Boutique.
  2401 | D:4      | Reached XP level 6. HP: 34/38 MP: 6/6
  2403 | D:4      | Reached * piety under Okawaru
  2420 | D:4      | 2420 ||| BUYING 2 scrolls of brand weapon (228 gold).
  2420 | D:4      | Bought 2 scrolls of brand weapon for 228 gold pieces
  2420 | D:4      | 2420 ||| SHOPLISTING scroll of enchant armour (90 gold,
                  | have 2).
  2420 | D:4      | 2420 ||| SHOPLISTING scroll of identify (24 gold, have 2).
  2420 | D:4      | 2420 ||| SHOPLISTING scroll of teleportation (36 gold, have
                  | 2).
  2420 | D:4      | 2420 ||| READING 2 scrolls of brand weapon.
  2420 | D:4      | 2420 ||| BRANDING +0 shortbow.
  2421 | D:4      | 2421 ||| READING scroll of brand weapon.
  2421 | D:4      | 2421 ||| BRANDING +0 shortbow of draining.
  2598 | D:4      | 2598 ||| Stepping ~*~*~tactically~*~*~ (outnumbered).
  2611 | D:4      | Reached skill level 1 in Invocations
  2695 | D:4      | 2695 ||| READING 2 scrolls labelled ALAKHLO AC ZECVA.
  2696 | D:4      | 2696 ||| READING scroll labelled FAOZUSAKUM.
  2697 | D:4      | 2697 ||| DRINKING 3 bubbling white potions.
  2698 | D:4      | 2698 ||| DROPPING scroll of fear.
  2707 | D:5      | Entered Level 5 of the Dungeon
  2708 | D:5      | 2708 ||| PLANNING SEWER
  2905 | D:5      | Noticed a black bear
  2906 | D:5      | 2906 ||| INVOKING Heroism.
  2913 | D:5      | Killed a black bear
  2914 | D:5      | Reached XP level 7. HP: 43/43 MP: 5/8
  2916 | D:5      | Reached skill level 7 in Ranged Weapons
  2954 | D:5      | Found a glowing drain.
  2955 | D:5      | 2955 ||| UPGRADING to +0 pair of boots.
  2968 | Sewer    | Entered a sewer
  2992 | Sewer    | 2992 ||| Stepping ~*~*~tactically~*~*~ (water).
  3036 | Sewer    | 3036 ||| Stepping ~*~*~tactically~*~*~ (water).
  3041 | Sewer    | Noticed Pargi
  3052 | Sewer    | Killed Pargi
  3053 | Sewer    | Reached skill level 3 in Invocations
  3099 | Sewer    | 3099 ||| READING scroll labelled VUECEULUDO.
  3100 | Sewer    | 3100 ||| READING scroll labelled OCWADI RYIMUO.
  3101 | Sewer    | 3101 ||| DRINKING 2 puce potions.
  3106 | D:5      | 3106 ||| PLANNING D:1-11
  3308 | D:5      | 3308 ||| INVOKING Heroism.
  3510 | D:5      | Found a radiant altar of Vehumet.
  3665 | D:5      | Noticed Edmund
  3666 | D:5      | 3666 ||| INVOKING Heroism.
  3682 | D:5      | Killed Edmund
  3746 | D:5      | Found a hazy altar of Hepliaklqana.
  4013 | D:5      | 4013 ||| DRINKING 2 fizzy amethyst potions.
  4070 | D:6      | Reached XP level 8. HP: 39/48 MP: 11/11
  4147 | D:6      | Reached skill level 8 in Ranged Weapons
  4194 | D:6      | Found a snail-covered altar of Cheibriados.
  4396 | D:6      | Reached ** piety under Okawaru
  4405 | D:6      | Noticed Menkaure
  4406 | D:6      | 4406 ||| INVOKING Heroism.
  4411 | D:6      | Killed Menkaure
  4449 | D:6      | 4449 ||| INVOKING Heroism.
  4457 | D:6      | Reached skill level 9 in Ranged Weapons
  4504 | D:6      | Reached skill level 3 in Armour
  4543 | D:6      | Found a glowing golden altar of the Shining One.
  5149 | D:6      | 5149 ||| UPGRADING to ring of positive energy.
  5150 | D:6      | 5150 ||| READING scroll labelled TOL CYAPROTZELIUL.
  5234 | D:7      | 5234 ||| FLEEEEING.
  5235 | D:7      | 5235 ||| FLEEEEING.
  5236 | D:7      | 5236 ||| FLEEEEING.
  5249 | D:7      | 5249 ||| DRINKING 3 potions of curing.
  5249 | D:7      | 5249 ||| (to cure confusion)
  5340 | D:7      | 5340 ||| INVOKING Heroism.
  5344 | D:7      | Reached XP level 9. HP: 55/55 MP: 9/12
  5378 | D:7      | Reached skill level 6 in Fighting
  5380 | D:7      | 5380 ||| INVOKING Heroism.
  5404 | D:7      | Noticed a cyclops
  5405 | D:7      | 5405 ||| FLEEEEING.
  5406 | D:7      | 5406 ||| FLEEEEING.
  5408 | D:7      | 5408 ||| FLEEEEING.
  5409 | D:7      | 5409 ||| FLEEEEING.
  5410 | D:7      | 5410 ||| FLEEEEING.
  5429 | D:7      | 5429 ||| INVOKING Heroism.
  5438 | D:7      | HP: 10/56 [cyclops (11)]
  5439 | D:7      | 5439 ||| DRINKING 2 potions of heal wounds.
  5443 | D:7      | Killed a cyclops
  5444 | D:7      | Reached skill level 10 in Ranged Weapons
  5552 | D:7      | HP: 11/56 [something (7)]
  5554 | D:7      | HP: 2/56 [something (8)]
  5555 | D:7      | Slain by an unseen horror

Levels and vault maps discovered:
D:1:      matt_arrival_los_fun, layout_basic
D:2:      layout_rooms, serial_forest, infiniplex_forest_clump_medium,
          infiniplex_forest_corner_1, infiniplex_forest_clump_tiny,
          infiniplex_forest_clump_large, infiniplex_forest_end_2
D:3:      layout_loops_corners, mainiacjoe_overflow_concentric_impassable,
          mainiacjoe_overflow_tiny_flanked, mainiacjoe_overflow_surrounded_room
D:4:      layout_cave_pools, gammafunk_temple_overflow_forgotten,
          minmay_temple_entry_mist, kennysheep_small_square
D:5:      layout_layer_cave, mainiacjoe_overflow_boulevard, lemuel_tele_altar,
          cheibrodos_sewer_entry_sluice, uniq_edmund
D:6:      minmay_evil_eye, layout_basic, overflow_temple_1_default,
          mainiacjoe_overflow_alcove_1, uniq_menkaure
D:7:      layout_basic, minmay_the_grid_2x2 [minmay_the_grid_dragon_b,
          minmay_the_grid_embedded, minmay_the_grid_plusring,
          minmay_the_grid_prize_four_corners], uniq_maggie

Skill      XL: |  1  2  3  4  5  6  7  8  9 |
---------------+----------------------------+-----
Ranged Weapons | 5 6 7 9 10 | 10.3
Armour         | 1 2 3 |  3.1
Fighting       | 3 4 5 6 |  6.3
Invocations    | 2 4 |  4.2
Dodging        | 2 |  2.4
Stealth        | |  1.1

Action                     |  1- 3 |  4- 6 |  7- 9 || total
---------------------------+-------+-------+-------++-------
   Fire: Shortbow          |    91 |   152 |   269 ||   512
 Invoke: Heroism           |       |     1 |     7 ||     8
    Use: Scroll            |     4 |     8 |     3 ||    15
         Potion            |       |     1 |     4 ||     5
 Armour: Leather armour    |    11 |       |       ||    11
         Ring mail         |     1 |    59 |    95 ||   155
  Dodge: Dodged            |    13 |    42 |    76 ||   131

Table legend:
 A = Non-vault XP
 B = Vault XP
 C = Vault XP percentage of total XP
 D = Non-vault monster count
 E = Vault monster count
 F = Vault count percentage of total count
                 A         B        C        D         E       F
            +---------+---------+-------+---------+---------+-------
      Total |    1859 |    1482 |  44.4 |      93 |      24 |  20.5
            +---------+---------+-------+---------+---------+-------
        D:1 |      17 |       0 |   0.0 |      10 |       0 |   0.0
        D:2 |      42 |       0 |   0.0 |      20 |       0 |   0.0
        D:3 |      28 |       0 |   0.0 |       7 |       0 |   0.0
        D:4 |     269 |     127 |  32.1 |      25 |       4 |  13.8
        D:5 |     359 |     162 |  31.1 |       9 |       4 |  30.8
        D:6 |     831 |     211 |  20.2 |      15 |       6 |  28.6
        D:7 |     313 |     843 |  72.9 |       7 |       3 |  30.0
      Sewer |       0 |     139 | 100.0 |       0 |       7 | 100.0
            +---------+---------+-------+---------+---------+-------
